 Dungeon Crawl Stone Soup version 0.18.1-51-gd549091e01 (webtiles) character file.

6465 magog001 the Basher (level 10, -1/93 HPs)
             Began as a Minotaur Fighter on Mar 20, 2020.
             Was an Elder of Nemelex Xobeh.
             Slain by a sixfirhy (9 damage)
             ... summoned by an orc high priest
             ... on level 2 of the Orcish Mines on Mar 21, 2020.
             The game lasted 01:07:00 (10002 turns).

magog001 the Basher (Minotaur Fighter)             Turns: 10002, Time: 01:07:01

Health: -1/93      AC: 23    Str: 27    XL:     10   Next: 68%
Magic:  9/9        EV:  6    Int:  7    God:    Nemelex Xobeh [****..]
Gold:   127        SH: 12    Dex: 10    Spells: 0 memorised, 9 levels left

rFire  . . .     SeeInvis +     t - +4 flail (protect)
rCold  . . .     Gourm    .     u - +0 plate armour
rNeg   . . .     Faith    +     c - +0 shield
rPois  +         Spirit   .     (helmet restricted)
rElec  .         Dismiss  .     (no cloak)
rCorr  .         Reflect  .     (no gloves)
SustAt .         Harm     .     v - +1 pair of boots
MR     .....     Clarity  +     L - amulet of faith
Stlth  ..........               Q - +2 ring of protection
                                i - +3 ring of strength

@: lethally poisoned (-1 -> -2), drained, not resistant to hostile enchantments,
extremely unstealthy
A: retaliatory headbutt, horns 2, see invisible, berserk 1, clarity, clever 1,
poison resistance
a: Triple Draw, Deal Four, Renounce Religion


You were on level 2 of the Orcish Mines.
You worshipped Nemelex Xobeh.
Nemelex Xobeh was greatly pleased with you.
You were hungry.

You visited 2 branches of the dungeon, and saw 11 of its levels.

You collected 915 gold pieces.
You spent 720 gold pieces at shops.

Inventory:

Hand Weapons
 t - a +4 flail of protection (weapon)
 x - a cursed -3 war axe
Missiles
 k - 7 javelins (quivered)
 H - 61 sling bullets
 V - 9 tomahawks
Armour
 c - a +0 shield (worn)
 u - a +0 plate armour (worn)
 v - a +1 pair of boots (worn)
Jewellery
 i - a +3 ring of strength (left hand)
 q - an uncursed ring of see invisible
 A - an uncursed ring of teleportation
 L - an amulet of faith (around neck)
 Q - a +2 ring of protection (right hand)
Wands
 e - a wand of iceblast (3/15)
 z - a wand of flame (43/48)
 D - a wand of digging (8/24)
 F - a wand of slowing (20/48)
 K - a wand of polymorph (12/24)
 M - a wand of lightning (7/15)
 R - a wand of slowing (27/48)
Scrolls
 h - 3 scrolls of remove curse
 n - a scroll of amnesia
 p - a scroll of fear
 r - a scroll of enchant armour
 C - a scroll of teleportation
 J - 3 scrolls of identify
Potions
 d - 2 potions of might
 g - 8 potions of curing
 j - 5 potions of agility
 l - 5 potions of lignification
 m - a potion of cancellation
 o - a potion of brilliance
 w - a potion of cure mutation
 E - 5 potions of heal wounds
Books
 y - a book of Debilitation

   Spells                             Type                      Level
   a - Corona                         Hexes                        1
   b - Slow                           Hexes                        2
   c - Gell's Gravitas                Hexes/Translocation          3
   d - Inner Flame                    Hexes/Fire                   3
   e - Cause Fear                     Hexes                        4
   f - Leda's Liquefaction            Hexes/Earth                  4
Miscellaneous
 b - a plain deck of war
 B - a plain deck of destruction {drawn: 1}
 G - an ornate deck of escape
 I - a plain deck of changes
 S - a legendary deck of escape {drawn: 2}
 W - a stone of tremors
 X - an ornate deck of destruction
 Y - a legendary deck of war {drawn: 1}
 Z - an ornate deck of war
Comestibles
 a - 2 meat rations
 f - 7 bread rations
 N - 5 fruits
 O - 2 beef jerkies
 P - 6 slices of pizza
 T - 16 chunks of flesh


   Skills:
 * Level 10.1(10.0) Fighting
 - Level 3.2(7.8) Axes
 * Level 11.2(11.3) Maces & Flails
 + Level 8.9(8.8) Armour
 + Level 10.1(10.0) Shields
 + Level 1.0 Evocations


You had 9 spell levels left.
You didn't know any spells.

Dungeon Overview and Level Annotations

Branches:
Dungeon (9/15)             Temple (0/1) D:7             Orc (2/2) D:9
   Lair: D:8-11         Elf: Orc:2

Altars:
Fedhas
Kikubaaqudgha
Nemelex Xobeh
Ru
Sif Muna
Xom
Yredelemnul
Zin

Shops:
D:5 }   D:7 **   D:9 !

Annotations:
Orc:2 Urug


Innate Abilities, Weirdness & Mutations

You reflexively headbutt those who attack you in melee.
You have a pair of horns on your head.
You have supernaturally acute eyesight.
You tend to lose your temper in combat.
You possess an exceptional clarity of mind.
Your mind is acute. (Int +2)
Your system is resistant to poisons.


Message History

The orc high priest utters an invocation to Beogh.
The hellwing disappears in a puff of smoke!
You feel sick.
You feel sick. You block the sixfirhy's attack.
The sixfirhy hits you but does no damage.
The sixfirhy hits you but does no damage.
You block the sixfirhy's attack.
You feel sick.
The orc warlord roars a battlecry!
The orc goes into a battle-frenzy!
Unknown command.
You feel sick.
The sixfirhy hits you but does no damage.
The sixfirhy hits you.
* * * LOW HITPOINT WARNING * * *
The sixfirhy shocks you!
* * * LOW HITPOINT WARNING * * *
The sixfirhy hits you!
You die...
Your body glows slightly and disappears.

..# #.......o###........
.## ##.....o..#........#
..# ###
###....o###......## ###
##.## #....4........
##...# ##..4.......#
##....## ##..o......#
#......### ##.......##
###.....##.# ###4......#
#.#........###..@......##
#...........#^...........
#....###....#............
#...## ##........####....
.....# #......### ....
....## #........# ...
......#.......<...# ..
#.....#.............
##..........#......<.


You could see an orc warlord, an orc high priest, a rust devil, a sixfirhy, a
red devil and an orc.

Vanquished Creatures
  An orc knight (Orc:2)
  Psyche (D:8)
  2 hogs (D:7)
  A human (D:7)
  The ghost of magog001 the Vandal, an amateur MiHu (D:4)
  A hungry ghost (D:9)
  A hippogriff (D:9)
  4 wargs
  A water moccasin (D:5)
  8 orc warriors
  2 ice beasts
  The ghost of Lazarus1551 the Skirmisher, an amateur DrWn (D:3)
  4 sky beasts
  7 ogres
  2 centaurs
  A crocodile (D:8)
  A big kobold (D:9)
  3 giant frogs
  A wyvern skeleton (D:7)
  2 howler monkeys (D:4)
  2 vampire bats (D:5)
  3 crimson imps
  3 hounds (D:5)
  12 orc wizards
  A centaur skeleton (D:8)
  2 giant frog skeletons
  9 orc priests
  Ijyb (D:3)
  Natasha (twice) (D:3)
  2 iguanas
  3 worker ants
  A killer bee zombie (D:8)
  2 sheep (D:7)
  A hound skeleton (D:4)
  5 gnolls
  11 adders
  3 shadow imps (D:5)
  3 oozes
  2 adder zombies
  An adder skeleton (D:5)
  4 worms
  3 dart slugs
  2 giant geckos
  46 orcs
  4 bats
  3 bat skeletons (D:5)
  2 bat zombies (D:5)
  4 giant cockroaches
  6 hobgoblins
  11 jackals
  6 quokkas
  A ball python (D:7)
  A giant gecko zombie (D:5)
  4 giant newts
  2 gnoll zombies (D:3)
  6 goblins
  11 kobolds
  13 rats
243 creatures vanquished.

Vanquished Creatures (collateral kills)
  A warg (Orc:1)
  An orc warrior (Orc:1)
  An orc (Orc:1)
3 creatures vanquished.

Vanquished Creatures (others)
  An adder (D:3)
  A jackal (D:9)
2 creatures vanquished.

Grand Total: 248 creatures vanquished

Notes
Turn   | Place    | Note
--------------------------------------------------------------
     0 | D:1      | magog001 the Minotaur Fighter began the quest for the Orb.
     0 | D:1      | Reached XP level 1. HP: 19/19 MP: 0/0
    91 | D:1      | Reached XP level 2. HP: 20/27 MP: 1/1
   501 | D:1      | Reached XP level 3. HP: 27/33 MP: 2/2
  1213 | D:2      | Reached XP level 4. HP: 41/41 MP: 3/3
  1651 | D:3      | Noticed Lazarus1551's ghost (amateur DrWn)
  1659 | D:3      | Noticed Ijyb
  1674 | D:3      | Killed Lazarus1551's ghost
  1674 | D:3      | Reached skill level 5 in Fighting
  1674 | D:3      | Reached skill level 1 in Maces & Flails
  1674 | D:3      | Reached XP level 5. HP: 35/48 MP: 4/4
  1678 | D:3      | Killed Ijyb
  1678 | D:3      | Reached skill level 5 in Shields
  1859 | D:3      | Noticed an angel
  1863 | D:3      | Found a glowing silver altar of Zin.
  1864 | D:3      | Found a shimmering altar of Xom.
  2372 | D:3      | Noticed Natasha
  2376 | D:3      | Killed Natasha
  2376 | D:3      | Reached skill level 2 in Maces & Flails
  2413 | D:3      | Found a basalt altar of Yredelemnul.
  2465 | D:3      | Noticed Natasha
  2484 | D:3      | Killed Natasha
  2484 | D:3      | Reached XP level 6. HP: 48/56 MP: 5/5
  2543 | D:3      | Reached skill level 5 in Armour
  2567 | D:3      | Found a sparkling altar of Nemelex Xobeh.
  2587 | D:3      | Became a worshipper of Nemelex Xobeh the Trickster
  2946 | D:4      | Received a gift from Nemelex Xobeh
  3095 | D:4      | Noticed magog001's ghost (amateur MiHu)
  3132 | D:4      | Killed magog001's ghost
  3132 | D:4      | Reached skill level 3 in Maces & Flails
  3132 | D:4      | Reached XP level 7. HP: 54/63 MP: 6/6
  3469 | D:4      | Reached * piety under Nemelex Xobeh
  3628 | D:4      | Reached skill level 4 in Maces & Flails
  3767 | D:5      | Entered Level 5 of the Dungeon
  3984 | D:5      | Found an ancient bone altar of Kikubaaqudgha.
  4147 | D:5      | Reached skill level 5 in Maces & Flails
  4147 | D:5      | Reached XP level 8. HP: 32/71 MP: 7/7
  4466 | D:5      | Found Nuorown's Gadget Boutique.
  4475 | D:5      | Bought a plain deck of changes for 168 gold pieces
  4723 | D:5      | Reached skill level 6 in Maces & Flails
  5188 | D:6      | Received a gift from Nemelex Xobeh
  5200 | D:6      | Reached skill level 7 in Maces & Flails
  5316 | D:6      | Found a sacrificial altar of Ru.
  5316 | D:6      | Found a blossoming altar of Fedhas.
  5610 | D:6      | Reached XP level 9. HP: 80/81 MP: 8/8
  5844 | D:7      | Received a gift from Nemelex Xobeh
  5938 | D:7      | Found a staircase to the Ecumenical Temple.
  5963 | D:7      | Found Ceeroh's Assorted Antiques.
  5969 | D:7      | Bought a scroll labeled ZYUSORCH SAZU for 29 gold pieces
  5969 | D:7      | Bought a scroll labeled DAURULIAF for 29 gold pieces
  5990 | D:7      | Reached ** piety under Nemelex Xobeh
  6380 | D:7      | Received a gift from Nemelex Xobeh
  6515 | D:7      | Found Xofyeg's Assorted Antiques.
  6523 | D:7      | Bought a scroll labeled KUHADE PULA for 23 gold pieces
  6523 | D:7      | Bought a scroll labeled CAKU UTHRYR for 23 gold pieces
  6603 | D:7      | Reached skill level 8 in Maces & Flails
  7044 | D:8      | Reached skill level 9 in Maces & Flails
  7064 | D:8      | Received a gift from Nemelex Xobeh
  7148 | D:8      | Found a deep blue altar of Sif Muna.
  7383 | D:8      | Noticed Psyche
  7387 | D:8      | Killed Psyche
  7515 | D:8      | Reached *** piety under Nemelex Xobeh
  7604 | D:8      | Received a gift from Nemelex Xobeh
  7977 | D:9      | Found a staircase to the Orcish Mines.
  7987 | Orc:1    | Entered Level 1 of the Orcish Mines
  8192 | Orc:1    | Received a gift from Nemelex Xobeh
  8310 | D:9      | Reached XP level 10. HP: 86/91 MP: 9/9
  8323 | D:9      | Reached skill level 10 in Maces & Flails
  8341 | D:9      | Gained mutation: You are dopey. (Int -2) [mutagenic meat]
  8342 | D:9      | Gained mutation: Your magical capacity is low (-10% MP). [mutagenic meat]
  8343 | D:9      | Gained mutation: Your system is resistant to poisons. [mutagenic meat]
  8344 | D:9      | Gained mutation: You are weak. (Str -2) [mutagenic meat]
  8347 | D:9      | Gained mutation: You possess an exceptional clarity of mind. [potion of mutation]
  8347 | D:9      | Gained mutation: Your magical capacity is very low (-20% MP). [potion of mutation]
  8347 | D:9      | Gained mutation: You have supernaturally acute eyesight. [potion of mutation]
  8374 | D:9      | Lost mutation: Your magical capacity is very low (-20% MP). [potion of cure mutation]
  8374 | D:9      | Lost mutation: You are dopey. (Int -2) [potion of cure mutation]
  8374 | D:9      | Lost mutation: Your magical capacity is low (-10% MP). [potion of cure mutation]
  8374 | D:9      | Lost mutation: You are weak. (Str -2) [potion of cure mutation]
  8835 | D:9      | Found Beletz's Distillery.
  8848 | D:9      | Bought a potion of heal wounds for 80 gold pieces
  8848 | D:9      | Bought a potion of heal wounds for 80 gold pieces
  8848 | D:9      | Bought a potion of curing for 48 gold pieces
  8848 | D:9      | Bought a potion of heal wounds for 80 gold pieces
  8848 | D:9      | Bought a potion of heal wounds for 80 gold pieces
  8848 | D:9      | Bought a potion of heal wounds for 80 gold pieces
  8867 | D:9      | Gained mutation: You tend to lose your temper in combat. [potion of mutation]
  8867 | D:9      | Gained mutation: Your mind is acute. (Int +2) [potion of mutation]
  9768 | Orc:2    | Entered Level 2 of the Orcish Mines
  9768 | Orc:2    | Received a gift from Nemelex Xobeh
  9768 | Orc:2    | Reached **** piety under Nemelex Xobeh
  9819 | Orc:2    | Received a gift from Nemelex Xobeh
  9896 | Orc:2    | Reached skill level 10 in Shields
  9906 | Orc:2    | Reached skill level 11 in Maces & Flails
  9940 | Orc:2    | Noticed an orc sorcerer
  9940 | Orc:2    | Noticed Urug
  9941 | Orc:2    | Noticed an orc warlord
  9942 | Orc:2    | Noticed an orc high priest
  9942 | Orc:2    | Noticed an orc knight
  9943 | Orc:2    | Noticed an orc knight
  9951 | Orc:2    | Paralysed by an orc sorcerer for 6 turns
  9976 | Orc:2    | Noticed an orange demon
  9985 | Orc:2    | Noticed a sixfirhy
  9987 | Orc:2    | Killed an orc knight
  9987 | Orc:2    | Reached skill level 10 in Fighting
  9987 | Orc:2    | Reached skill level 1 in Evocations
  9989 | Orc:2    | HP: 4/93 [sixfirhy[an orc high priest] (9)]
  9995 | Orc:2    | Noticed a rust devil
 10002 | Orc:2    | Slain by a sixfirhy

Skill      XL: |  1  2  3  4  5  6  7  8  9 10 |
---------------+-------------------------------+-----
Fighting       | 4 5 6 7 9 10 | 10.1
Armour         | 4 5 6 7 8 |  8.9
Shields        | 4 5 7 8 9 10 | 10.1
Axes           | 3 |  3.2
Maces & Flails | 1 2 3 5 7 9 11 | 11.2
Evocations     | 1 |  1.0

Action                   |  1- 3 |  4- 6 |  7- 9 | 10-12 || total
-------------------------+-------+-------+-------+-------++-------
Melee: War axe           |    74 |       |       |       ||    74
       Headbutt          |    11 |    32 |    79 |    28 ||   150
       Flail             |       |   141 |   404 |   163 ||   708
Evoke: Deck              |       |     1 |     5 |     6 ||    12
       Phantom mirror    |       |       |       |     1 ||     1
  Use: Scroll            |       |       |    14 |     4 ||    18
       Potion            |       |       |       |    10 ||    10
  Eat: Chunk             |     1 |     5 |    13 |    10 ||    29
       Pizza             |       |     1 |     1 |     1 ||     3
       Beef jerky        |       |       |     1 |       ||     1
Armor: Scale mail        |    35 |       |       |       ||    35
       Plate armour      |       |   103 |   228 |   117 ||   448
Dodge: Dodged            |    26 |    17 |    84 |    47 ||   174
Block: Shield            |    37 |    70 |   264 |   112 ||   483
